Carnivores vs Sewer Rats

Created - March 12, 2021 at 19:18

Goals
1 2 3 T
Carnivores 0 1 0 1
Sewer Rats 1 1 1 3
Shots
1 2 3 T
Carnivores 12 8 12 32
Sewer Rats 10 8 7 25

1st period

1. Sewer Rats , Zach Aston-Reese 7 (Drake Caggiula 16, Ryan Murphy 15) at 19:02

Penalties :
Scott Laughton (Bre) for Hooking (Minor) at 1:17, Mark Mancari (Tol) for Diving (Minor) at 7:00, Trevor Van Riemsdyk (Bre) for Roughing (Minor) at 10:59

2nd period

2. Sewer Rats , Erik Condra 30 (Jonathan Marchessault 45, Joseph Blandisi 16) at 0:36
3. Carnivores , T.J Brodie 4 (Anton Gustafsson 25) at 15:11

Penalties :
John Ramage (Tol) for Cross-checking (Minor) at 1:51, Joseph Blandisi (Tol) for Attempt to injure (Major / Game Misconduct) at 4:21, Erik Condra (Tol) for Cross-checking (Minor) at 10:09, Trevor Van Riemsdyk (Bre) for Hooking (Minor) at 19:04

3rd period

4. Sewer Rats , Drake Caggiula 9 (Dmitrij Jaskin 21, Anthony Duclair 9) at 16:15

Penalties :
Scott Laughton (Bre) for Holding (Minor) at 8:30, Mattias Backman (Bre) for Hooking (Minor) at 16:40

Goalie Stats

Tristan Jarry (Bre), 22 saves from 25 shots - (0.880), L, 11-8-1, 60:00 minutes
Darcy Kuemper (Tol), 31 saves from 32 shots - (0.969), W, 15-9-1, 60:00 minutes

Players Stats for Carnivores

Player Name              G  A  P  +/- PIM S  H  SB GA TA FO     MP     PP MP  PK MP  
------------------------------------------------------------------------------------
Andreas Englund          0  0  0   0  0   0  1  0  0  1  0/0    14:49   0:00   3:38 
Anton Gustafsson         0  1  1   0  0   1  2  0  0  0  8/18   18:10   4:16   5:22 
Blake Geoffrion          0  0  0  -2  0   2  3  0  0  0  0/2     9:48   0:00   0:00 
Brett Connolly           0  0  0   0  0   1  1  0  0  0  0/0     6:45   0:00   0:00 
Carl Dahlstrom           0  0  0   0  0   0  0  0  0  0  0/0     3:13   0:59   0:00 
Chris Lawrence           0  0  0   0  0   2  1  1  1  0  0/0    12:36   4:16   0:00 
Christian Djoos          0  0  0   0  0   0  0  0  0  0  0/0     3:33   0:33   1:21 
Hunter Shinkaruk         0  0  0   0  0   2  0  0  0  0  1/1     7:38   0:53   0:00 
Joel Armia               0  0  0   0  0   1  2  0  0  1  0/0    18:01   5:11   0:00 
Lucas Wallmark           0  0  0   0  0   0  1  0  0  0  3/3     7:47   1:02   0:00 
Mark McNeill             0  0  0  -2  0   0  1  2  0  0  0/0    14:54   1:13   3:21 
Markus Granlund          0  0  0  -2  0   2  4  1  0  1  2/6    15:24   1:19   3:21 
Mat Clark                0  0  0  -2  0   3  3  1  1  0  0/0    27:32   5:54   6:49 
Mattias Backman          0  0  0  -2  2   1  3  2  0  0  0/0    27:18   5:55   4:56 
Nicolas Deslauriers      0  0  0   0  0   5  2  0  0  1  0/2    14:23   4:18   1:03 
Nicolas Kerdiles         0  0  0   0  0   5  1  0  1  1  0/1    23:21   5:12   5:31 
Riley Barber             0  0  0   0  0   0  0  0  0  0  0/0     1:54   0:00   1:12 
Scott Laughton           0  0  0   0  4   3  2  0  0  0  9/20   18:31   5:08   0:00 
T.J Brodie               1  0  1   0  0   4  1  1  0  0  0/0    20:18   4:06   3:06 
Travis Dermott           0  0  0   0  0   0  0  0  0  0  0/0    14:47   3:52   0:00 
Trevor Van Riemsdyk      0  0  0   0  4   0  0  0  0  0  0/0     9:18   0:33   0:00 

Players Stats for Sewer Rats

Player Name              G  A  P  +/- PIM S  H  SB GA TA FO     MP     PP MP  PK MP  
------------------------------------------------------------------------------------
Anthony Duclair          0  1  1   1  0   0  1  0  1  0  0/0    12:50   0:00   1:33 
Connor Carrick           0  0  0   2  0   0  0  0  0  0  0/0     9:38   0:00   1:47 
Daniel Carr              0  0  0   0  0   2  1  1  0  2  0/0    22:28   5:14   4:40 
Dmitrij Jaskin           0  1  1   1  0   3  1  0  0  0  1/1    12:57   1:00   0:07 
Drake Caggiula           1  1  2   2  0   3  1  0  0  0  3/7    15:18   0:03   3:35 
Erik Condra              1  0  1   1  2   4  5  0  0  0  0/0    18:37   4:38   2:24 
Jared McCann             0  0  0   0  0   0  1  0  0  0  1/1    11:34   2:08   0:00 
Jarred Tinordi           0  0  0   0  0   0  0  1  0  1  0/0    27:17   6:00   5:49 
Joel Edmundson           0  0  0   0  0   1  0  1  0  0  0/0    19:30   3:55   4:10 
John Ramage              0  0  0   0  2   1  1  1  1  0  0/0    18:39   3:55   3:20 
Jonathan Marchessault    0  1  1   1  0   1  3  1  1  0  3/7    15:52   4:38   0:00 
Joseph Blandisi          0  1  1   1  15  0  0  0  0  0  0/0     6:29   1:48   0:06 
Mark Mancari             0  0  0  -1  2   6  1  5  1  0  1/2    24:05   5:14   3:48 
Ryan Murphy              0  1  1   2  0   0  0  0  0  0  0/0     7:51   0:00   0:00 
Stefan Elliott           0  0  0   0  0   1  1  2  1  0  0/0    27:17   6:00   5:49 
Thomas Chabot            0  0  0   0  0   1  0  0  0  0  0/0     5:40   0:00   0:57 
Vincent Trocheck         0  0  0   0  0   1  1  2  0  0  19/30  22:19   5:02   5:17 
Xavier Ouellet           0  0  0   0  0   0  0  0  0  0  0/0     4:25   0:00   0:00 
Zach Aston-Reese         1  0  1   0  0   1  0  0  0  0  2/5     6:14   0:00   0:22 

3 Stars

1 - Darcy Kuemper (Tol)
2 - Drake Caggiula (Tol)
3 - Erik Condra (Tol)

Power Play

Carnivores - 0 on 4 Attempt(s) - 0.00%
Sewer Rats - 0 on 5 Attempt(s) - 0.00%

Penalty Kill

Carnivores - 5 on 5 Attempt(s) - 100.00% - Score 0 goal in Penalty Kill
Sewer Rats - 4 on 4 Attempt(s) - 100.00% - Score 0 goal in Penalty Kill

Team Stat

Carnivores - Hits : 28 - Faceoff Wins : 23 - Blocked Shots : 8 - Penalty Minutes : 10
Sewer Rats - Hits : 17 - Faceoff Wins : 30 - Blocked Shots : 14 - Penalty Minutes : 21

Official

Referees : Unknown
Linesman : Unknown

Game Notes

Joseph Blandisi ejected from game at 4:21 of 2nd period

Finance

Level 1 -- Attendance: 1427 (71.35%) -- Ticket Income $49,945
Level 2 -- Attendance: 980 (98.00%) -- Ticket Income $16,660
Total Attendance: 2407 (80.23%)
Total Ticket Income: $66,605
Other Income: $3,330
Total Income: $69,935

Carnivores

5 vs 5 Forward 
   Center                   Left Wing                Right Wing               Time % Phy DF OF 
 1 Scott Laughton           Nicolas Kerdiles         Joel Armia               40     1   2  2  
 2 Markus Granlund          Blake Geoffrion          Mark McNeill             30     1   2  2  
 3 Anton Gustafsson         Nicolas Deslauriers      Chris Lawrence           20     1   2  2  
 4 Lucas Wallmark           Hunter Shinkaruk         Brett Connolly           10     1   2  2  

5 vs 5 Defense 
   Defense                  Defense                                           Time % Phy DF OF 
 1 Mat Clark                Mattias Backman                                   40     1   2  2  
 2 T.J Brodie               Travis Dermott                                    30     1   2  2  
 3 Andreas Englund          Trevor Van Riemsdyk                               20     1   2  2  
 4 Carl Dahlstrom           Mattias Backman                                   10     1   2  2  

PowerPlay Forward 
   Center                   Left Wing                Right Wing               Time % Phy DF OF 
 1 Scott Laughton           Nicolas Kerdiles         Joel Armia               60     1   2  2  
 2 Anton Gustafsson         Nicolas Deslauriers      Chris Lawrence           40     1   2  2  

PowerPlay Defense
   Defense                  Defense                                           Time % Phy DF OF 
 1 Mat Clark                Mattias Backman                                   60     1   2  2  
 2 T.J Brodie               Travis Dermott                                    40     1   2  2  

Penalty Kill 4 Players Forward 
   Center                   Wing                     Time % Phy DF OF 
 1 Anton Gustafsson         Nicolas Kerdiles         60     1   2  2  
 2 Markus Granlund          Mark McNeill             40     1   2  2  

Penalty Kill 4 Players Defense
   Defense                  Defense                  Time % Phy DF OF 
 1 Mat Clark                Mattias Backman          60     1   2  2  
 2 Andreas Englund          T.J Brodie               40     1   2  2  

Penalty Kill - 3 Players Forward 
   Forward                                           Time % Phy DF OF 
 1 Anton Gustafsson                                  60     1   2  2  
 2 Chris Lawrence                                    40     1   2  2  

Penalty Kill - 3 Players Defense
   Defense                  Defense                  Time % Phy DF OF 
 1 Mat Clark                Mattias Backman          60     1   2  2  
 2 Andreas Englund          T.J Brodie               40     1   2  2  

4 vs 4 Forward 
   Center                   Wing                     Time % Phy DF OF 
 1 Anton Gustafsson         Chris Lawrence           60     1   2  2  
 2 Scott Laughton           Nicolas Kerdiles         40     1   2  2  

4 vs 4 Defense
   Defense                  Defense                  Time % Phy DF OF 
 1 Mat Clark                Mattias Backman          60     1   2  2  
 2 T.J Brodie               Travis Dermott           40     1   2  2  

Last Minutes Offensive
   Center                   Left Wing                Right Wing               Defense                  Defense                  
   Scott Laughton           Nicolas Kerdiles         Joel Armia               Mat Clark                Travis Dermott           

Last Minutes Defensive
   Center                   Left Wing                Right Wing               Defense                  Defense                  
   Anton Gustafsson         Nicolas Kerdiles         Mark McNeill             T.J Brodie               Mattias Backman          

Goaltenders
Starting : Tristan Jarry            
Backup : Niklas Svedberg          

Extra Forwards
Normal : Riley Barber, Markus Granlund, Mark McNeill - PP : Lucas Wallmark, Markus Granlund - PK : Riley Barber
Extra Defensemen
Normal : Travis Dermott, Andreas Englund, Christian Djoos - PP : Travis Dermott - PK : Andreas Englund, Christian Djoos
Penalty Shots
Anton Gustafsson, Chris Lawrence, Markus Granlund, Scott Laughton, Joel Armia

Scratches
Ryan Olsen (Healthy), Freddie Hamilton (Healthy), Adam Almquist (Healthy), Sergei Zborovskiy (Healthy), Filip Chlapik (Healthy)
Stanislav Galiev (Healthy), Mark MacMillan (Healthy), Troy Bourke (Healthy), Alexandre Mallet (Healthy), Josh Wesley (Healthy)
Linus Ullmark (Healthy), Felix Sanstrom (Healthy)

Sewer Rats

5 vs 5 Forward 
   Center                   Left Wing                Right Wing               Time % Phy DF OF 
 1 Vincent Trocheck         Daniel Carr              Mark Mancari             40     1   2  2  
 2 Jonathan Marchessault    Joseph Blandisi          Erik Condra              30     1   2  2  
 3 Drake Caggiula           Anthony Duclair          Dmitrij Jaskin           20     1   2  2  
 4 Zach Aston-Reese         Jared McCann             Mark Mancari             10     1   2  2  

5 vs 5 Defense 
   Defense                  Defense                                           Time % Phy DF OF 
 1 Stefan Elliott           Jarred Tinordi                                    40     1   2  2  
 2 Joel Edmundson           John Ramage                                       30     1   2  2  
 3 Ryan Murphy              Connor Carrick                                    20     1   2  2  
 4 Thomas Chabot            Xavier Ouellet                                    10     1   2  2  

PowerPlay Forward 
   Center                   Left Wing                Right Wing               Time % Phy DF OF 
 1 Vincent Trocheck         Daniel Carr              Mark Mancari             60     1   2  2  
 2 Jonathan Marchessault    Joseph Blandisi          Erik Condra              40     1   2  2  

PowerPlay Defense
   Defense                  Defense                                           Time % Phy DF OF 
 1 Stefan Elliott           Jarred Tinordi                                    60     1   2  2  
 2 Joel Edmundson           John Ramage                                       40     1   2  2  

Penalty Kill 4 Players Forward 
   Center                   Wing                     Time % Phy DF OF 
 1 Vincent Trocheck         Mark Mancari             60     1   2  2  
 2 Daniel Carr              Erik Condra              40     1   2  2  

Penalty Kill 4 Players Defense
   Defense                  Defense                  Time % Phy DF OF 
 1 Stefan Elliott           Jarred Tinordi           60     1   2  2  
 2 Joel Edmundson           John Ramage              40     1   2  2  

Penalty Kill - 3 Players Forward 
   Forward                                           Time % Phy DF OF 
 1 Vincent Trocheck                                  60     1   2  2  
 2 Mark Mancari                                      40     1   2  2  

Penalty Kill - 3 Players Defense
   Defense                  Defense                  Time % Phy DF OF 
 1 Stefan Elliott           Jarred Tinordi           60     1   2  2  
 2 Joel Edmundson           John Ramage              40     1   2  2  

4 vs 4 Forward 
   Center                   Wing                     Time % Phy DF OF 
 1 Vincent Trocheck         Mark Mancari             60     1   2  2  
 2 Daniel Carr              Erik Condra              40     1   2  2  

4 vs 4 Defense
   Defense                  Defense                  Time % Phy DF OF 
 1 Stefan Elliott           Jarred Tinordi           60     1   2  2  
 2 Joel Edmundson           John Ramage              40     1   2  2  

Last Minutes Offensive
   Center                   Left Wing                Right Wing               Defense                  Defense                  
   Vincent Trocheck         Daniel Carr              Mark Mancari             Stefan Elliott           Jarred Tinordi           

Last Minutes Defensive
   Center                   Left Wing                Right Wing               Defense                  Defense                  
   Vincent Trocheck         Daniel Carr              Mark Mancari             Stefan Elliott           Jarred Tinordi           

Goaltenders
Starting : Darcy Kuemper            
Backup : Marek Mazanek            

Extra Forwards
Normal : Jared McCann, Dmitrij Jaskin, Drake Caggiula - PP : Jared McCann, Dmitrij Jaskin - PK : Drake Caggiula
Extra Defensemen
Normal : Ryan Murphy, Connor Carrick, Thomas Chabot - PP : Ryan Murphy - PK : Connor Carrick, Thomas Chabot
Penalty Shots
Vincent Trocheck, Mark Mancari, Daniel Carr, Erik Condra, Jonathan Marchessault

Scratches
Dominik Kubalik (Healthy), Nick Cousins (Healthy), Josh Archibald (Healthy), Jonathan Racine (Healthy), Tyler Motte (Healthy)
Chris Calhan (Healthy), Mark Friedman (Healthy), Michael Dal Colle (Healthy), Matteson Iacopelli (Healthy), Adin Hill (Healthy)
Antoine Bibeau (Healthy)

% Time on Ice - Carnivores

Lines # - Real PCT - Wanted PCT - Time Play
Normal Forward
1 - 35% - 40% - 13:44
2 - 27% - 30% - 10:29
3 - 21% - 20% - 8:11
4 - 17% - 10% - 6:45
Normal Defense
1 - 38% - 40% - 14:49
2 - 35% - 30% - 13:34
3 - 22% - 20% - 8:32
4 - 6% - 10% - 2:14
PP Forward
1 - 57% - 60% - 6:11
2 - 43% - 40% - 4:45
PP Defense
1 - 59% - 60% - 6:29
2 - 41% - 40% - 4:27
PK Forward
1 - 66% - 60% - 6:34
2 - 34% - 40% - 3:21
PK Defense
1 - 69% - 60% - 6:49
2 - 31% - 40% - 3:06
PK3 Forward
1 - 0% - 60%
2 - 0% - 40%
PK3 Defense
1 - 0% - 60%
2 - 0% - 40%
44 Forward
1 - 0% - 60%
2 - 0% - 40%
44 Defense
1 - 0% - 60%
2 - 0% - 40%
Last Minute Offensive  - 0:00
Last Minute Defensive  - 0:00
Total
Forward - 60:00
Defense - 60:00

% Time on Ice - Sewer Rats

Lines # - Real PCT - Wanted PCT - Time Play
Normal Forward
1 - 31% - 40% - 12:13
2 - 31% - 30% - 11:59
3 - 24% - 20% - 9:21
4 - 14% - 10% - 5:36
Normal Defense
1 - 40% - 40% - 15:28
2 - 29% - 30% - 11:25
3 - 20% - 20% - 7:51
4 - 11% - 10% - 4:25
PP Forward
1 - 51% - 60% - 5:05
2 - 49% - 40% - 4:50
PP Defense
1 - 61% - 60% - 6:00
2 - 39% - 40% - 3:55
PK Forward
1 - 68% - 60% - 7:29
2 - 32% - 40% - 3:27
PK Defense
1 - 62% - 60% - 6:46
2 - 38% - 40% - 4:10
PK3 Forward
1 - 0% - 60%
2 - 0% - 40%
PK3 Defense
1 - 0% - 60%
2 - 0% - 40%
44 Forward
1 - 0% - 60%
2 - 0% - 40%
44 Defense
1 - 0% - 60%
2 - 0% - 40%
Last Minute Offensive  - 0:00
Last Minute Defensive  - 0:00
Total
Forward - 60:00
Defense - 60:00

Play-by-Play

1st period


0:01 of 1st period - Vincent Trocheck wins face-off versus Scott Laughton in neutral zone.
1:14 of 1st period - Wrist shot by Mark Mancari.
1:14 of 1st period - Stopped by Tristan Jarry without a rebound.
1:15 of 1st period - Scott Laughton wins face-off versus Vincent Trocheck in Carnivores zone.
1:17 of 1st period - Minor Penalty to Scott Laughton for Hooking.
1:18 of 1st period - Anton Gustafsson wins face-off versus Vincent Trocheck in Carnivores zone.
1:30 of 1st period - Slapshot by Vincent Trocheck.
1:30 of 1st period - Deflect By Mark Mancari.
1:30 of 1st period - Stopped by Tristan Jarry without a rebound.
1:31 of 1st period - Anton Gustafsson wins face-off versus Vincent Trocheck in Carnivores zone.
2:35 of 1st period - Andreas Englund is hit by Jonathan Marchessault.
3:17 of 1st period - Penalty to Scott Laughton is over, Scott Laughton is back on ice.
3:45 of 1st period - Snap shot by Markus Granlund.
3:45 of 1st period - Stopped by Darcy Kuemper without a rebound.
3:46 of 1st period - Hunter Shinkaruk wins face-off versus Zach Aston-Reese in Sewer Rats zone.
4:09 of 1st period - Jarred Tinordi is hit by Scott Laughton.
4:21 of 1st period - Nicolas Deslauriers is hit by Erik Condra and loses puck.
4:34 of 1st period - Xavier Ouellet is hit by Joel Armia and loses puck.
4:43 of 1st period - Slapshot by Dmitrij Jaskin.
4:43 of 1st period - Stopped by Tristan Jarry without a rebound.
4:44 of 1st period - Lucas Wallmark wins face-off versus Jonathan Marchessault in Carnivores zone.
4:49 of 1st period - Slapshot by Hunter Shinkaruk.
4:49 of 1st period - Shot Blocked by Jonathan Marchessault.
4:54 of 1st period - Off-side.
4:55 of 1st period - Vincent Trocheck wins face-off versus Scott Laughton in neutral zone.
5:00 of 1st period - Wrist shot by Vincent Trocheck.
5:00 of 1st period - Stopped by Tristan Jarry without a rebound.
5:01 of 1st period - Scott Laughton wins face-off versus Vincent Trocheck in Carnivores zone.
5:05 of 1st period - Off-side.
5:06 of 1st period - Scott Laughton wins face-off versus Vincent Trocheck in neutral zone.
5:36 of 1st period - Stefan Elliott is hit by Markus Granlund and loses puck.
6:17 of 1st period - Wrist shot by Scott Laughton.
6:17 of 1st period - Shot Blocked by Mark Mancari.
6:19 of 1st period - Slapshot by T.J Brodie.
6:19 of 1st period - Stopped by Darcy Kuemper with a rebound.
6:39 of 1st period - Wrist shot by Mat Clark.
6:39 of 1st period - Stopped by Darcy Kuemper with a rebound.
6:51 of 1st period - Snap shot by Mark Mancari.
6:51 of 1st period - Shot Misses the Net.
7:00 of 1st period - Minor Penalty to Mark Mancari for Diving.
7:01 of 1st period - Vincent Trocheck wins face-off versus Scott Laughton in Sewer Rats zone.
7:01 of 1st period - Vincent Trocheck is hit by Joel Armia.
7:23 of 1st period - Icing by Joel Armia.
7:24 of 1st period - Vincent Trocheck wins face-off versus Scott Laughton in Carnivores zone.
7:29 of 1st period - Snap shot by Vincent Trocheck.
7:29 of 1st period - Shot Misses the Net.
7:47 of 1st period - Snap shot by Nicolas Kerdiles.
7:47 of 1st period - Stopped by Darcy Kuemper with a rebound.
7:49 of 1st period - Wrist shot by Scott Laughton.
7:49 of 1st period - Shot Blocked by John Ramage.
8:09 of 1st period - Backhand shot by Nicolas Kerdiles.
8:09 of 1st period - Shot Blocked by Daniel Carr.
8:11 of 1st period - Snap shot by Nicolas Kerdiles.
8:11 of 1st period - Stopped by Darcy Kuemper without a rebound.
8:12 of 1st period - Anton Gustafsson wins face-off versus Drake Caggiula in Sewer Rats zone.
8:27 of 1st period - Wrist shot by Anton Gustafsson.
8:27 of 1st period - Stopped by Darcy Kuemper without a rebound.
8:28 of 1st period - Vincent Trocheck wins face-off versus Anton Gustafsson in Sewer Rats zone.
9:00 of 1st period - Penalty to Mark Mancari is over, Mark Mancari is back on ice.
9:08 of 1st period - Snap shot by Daniel Carr.
9:08 of 1st period - Shot Blocked by T.J Brodie.
9:10 of 1st period - Wrist shot by Mark Mancari.
9:10 of 1st period - Stopped by Tristan Jarry without a rebound.
9:11 of 1st period - Markus Granlund wins face-off versus Jonathan Marchessault in Carnivores zone.
9:11 of 1st period - Markus Granlund is hit by Erik Condra.
9:23 of 1st period - Wrist shot by Joseph Blandisi.
9:23 of 1st period - Deflect By Erik Condra.
9:23 of 1st period - Stopped by Tristan Jarry with a rebound.
9:25 of 1st period - Snap shot by Erik Condra.
9:25 of 1st period - Stopped by Tristan Jarry with a rebound.
9:27 of 1st period - Slapshot by Ryan Murphy.
9:27 of 1st period - Shot Misses the Net.
9:37 of 1st period - Connor Carrick is hit by Mattias Backman and loses puck.
9:44 of 1st period - Backhand shot by Drake Caggiula.
9:44 of 1st period - Shot Blocked by Mattias Backman.
9:46 of 1st period - Slapshot by John Ramage.
9:46 of 1st period - Shot Blocked by Mat Clark.
10:40 of 1st period - Snap shot by Blake Geoffrion.
10:40 of 1st period - Stopped by Darcy Kuemper without a rebound.
10:41 of 1st period - Vincent Trocheck wins face-off versus Blake Geoffrion in Sewer Rats zone.
10:41 of 1st period - Vincent Trocheck is hit by Mark McNeill.
10:51 of 1st period - Slapshot by Mark Mancari.
10:51 of 1st period - Stopped by Tristan Jarry with a rebound.
10:59 of 1st period - Minor Penalty to Trevor Van Riemsdyk for Roughing.
11:00 of 1st period - Vincent Trocheck wins face-off versus Anton Gustafsson in Carnivores zone.
11:15 of 1st period - Slapshot by Daniel Carr.
11:15 of 1st period - Stopped by Tristan Jarry with a rebound.
12:22 of 1st period - Markus Granlund is hit by Jonathan Marchessault and loses puck.
12:59 of 1st period - Penalty to Trevor Van Riemsdyk is over, Trevor Van Riemsdyk is back on ice.
13:09 of 1st period - Slapshot by Hunter Shinkaruk.
13:09 of 1st period - Stopped by Darcy Kuemper without a rebound.
13:10 of 1st period - Lucas Wallmark wins face-off versus Drake Caggiula in Sewer Rats zone.
13:31 of 1st period - Snap shot by Dmitrij Jaskin.
13:31 of 1st period - Shot Blocked by Mark McNeill.
13:33 of 1st period - Slapshot by Joel Edmundson.
13:33 of 1st period - Shot Misses the Net.
13:35 of 1st period - Wrist shot by Anthony Duclair.
13:35 of 1st period - Shot Blocked by Markus Granlund.
13:37 of 1st period - Snap shot by Drake Caggiula.
13:37 of 1st period - Shot Misses the Net.
14:09 of 1st period - Wrist shot by Scott Laughton.
14:09 of 1st period - Stopped by Darcy Kuemper without a rebound.
14:10 of 1st period - Vincent Trocheck wins face-off versus Anton Gustafsson in Sewer Rats zone.
14:28 of 1st period - Anton Gustafsson is hit by Vincent Trocheck and loses puck.
14:49 of 1st period - Wrist shot by Blake Geoffrion.
14:49 of 1st period - Stopped by Darcy Kuemper with a rebound.
15:05 of 1st period - Jonathan Marchessault is hit by Nicolas Kerdiles and loses puck.
15:10 of 1st period - Wrist shot by Nicolas Kerdiles.
15:10 of 1st period - Stopped by Darcy Kuemper with a rebound.
15:46 of 1st period - Andreas Englund is hit by Erik Condra and loses puck.
16:51 of 1st period - Brett Connolly is hit by Mark Mancari.
18:36 of 1st period - Nicolas Kerdiles is hit by Dmitrij Jaskin and loses puck.
18:54 of 1st period - Icing by Mark McNeill.
18:55 of 1st period - Markus Granlund wins face-off versus Zach Aston-Reese in Carnivores zone.
19:02 of 1st period - Slapshot by Zach Aston-Reese.
19:02 of 1st period - Goal by Zach Aston-Reese - Carnivores : 0 - Sewer Rats : 1.
19:03 of 1st period - Vincent Trocheck wins face-off versus Scott Laughton in neutral zone.
19:06 of 1st period - Nicolas Kerdiles is hit by Daniel Carr and loses puck.
19:34 of 1st period - Stefan Elliott is hit by T.J Brodie and loses puck.
19:59 of 1st period - Wrist shot by Scott Laughton.
19:59 of 1st period - Deflect By Stefan Elliott.
19:59 of 1st period - Stopped by Darcy Kuemper without a rebound.
Goals for this period are 0 for Carnivores vs 1 for Sewer Rats.
Shots for this period are 12 for Carnivores vs 10 for Sewer Rats.

2nd period


0:01 of 2nd period - Vincent Trocheck wins face-off versus Scott Laughton in neutral zone.
0:08 of 2nd period - Wrist shot by Daniel Carr.
0:08 of 2nd period - Stopped by Tristan Jarry without a rebound.
0:09 of 2nd period - Scott Laughton wins face-off versus Vincent Trocheck in Carnivores zone.
0:28 of 2nd period - Snap shot by Stefan Elliott.
0:28 of 2nd period - Deflect By Scott Laughton.
0:28 of 2nd period - Stopped by Tristan Jarry without a rebound.
0:29 of 2nd period - Jonathan Marchessault wins face-off versus Markus Granlund in Carnivores zone.
0:30 of 2nd period - Snap shot by Joseph Blandisi.
0:30 of 2nd period - Shot Blocked by Mark McNeill.
0:34 of 2nd period - Backhand shot by Jonathan Marchessault.
0:34 of 2nd period - Shot Misses the Net.
0:36 of 2nd period - Wrist shot by Erik Condra.
0:36 of 2nd period - Goal by Erik Condra - Carnivores : 0 - Sewer Rats : 2.
0:37 of 2nd period - Vincent Trocheck wins face-off versus Scott Laughton in neutral zone.
1:02 of 2nd period - Jarred Tinordi is hit by Blake Geoffrion and loses puck.
1:27 of 2nd period - Wrist shot by Anthony Duclair.
1:27 of 2nd period - Shot Misses the Net.
1:29 of 2nd period - Wrist shot by Dmitrij Jaskin.
1:29 of 2nd period - Stopped by Tristan Jarry without a rebound.
1:30 of 2nd period - Scott Laughton wins face-off versus Vincent Trocheck in Carnivores zone.
1:51 of 2nd period - Minor Penalty to John Ramage for Cross-checking.
1:52 of 2nd period - Vincent Trocheck wins face-off versus Scott Laughton in Sewer Rats zone.
2:21 of 2nd period - Slapshot by Mat Clark.
2:21 of 2nd period - Stopped by Darcy Kuemper with a rebound.
2:23 of 2nd period - Wrist shot by Anton Gustafsson.
2:23 of 2nd period - Shot Misses the Net.
2:59 of 2nd period - Erik Condra is hit by Scott Laughton and loses puck.
3:51 of 2nd period - Penalty to John Ramage is over, John Ramage is back on ice.
3:54 of 2nd period - Snap shot by Dmitrij Jaskin.
3:54 of 2nd period - Stopped by Tristan Jarry with a rebound.
4:21 of 2nd period - Major / Game Misconduct Penalty to Joseph Blandisi for Attempt to injure.
4:21 of 2nd period - Joseph Blandisi is ejected from game.
4:22 of 2nd period - Vincent Trocheck wins face-off versus Nicolas Deslauriers in Sewer Rats zone.
4:28 of 2nd period - Snap shot by Nicolas Deslauriers.
4:28 of 2nd period - Stopped by Darcy Kuemper without a rebound.
4:29 of 2nd period - Mark Mancari wins face-off versus Anton Gustafsson in Sewer Rats zone.
5:27 of 2nd period - Chris Lawrence is hit by Erik Condra and loses puck.
6:04 of 2nd period - Mark Mancari is hit by Anton Gustafsson and loses puck.
6:45 of 2nd period - Jarred Tinordi is hit by Markus Granlund and loses puck.
6:50 of 2nd period - Wrist shot by Markus Granlund.
6:50 of 2nd period - Shot Misses the Net.
6:52 of 2nd period - Snap shot by Markus Granlund.
6:52 of 2nd period - Shot Misses the Net.
7:14 of 2nd period - Chris Lawrence is hit by John Ramage and loses puck.
9:21 of 2nd period - Penalty to Joseph Blandisi is over, Dmitrij Jaskin is send on ice.
9:34 of 2nd period - Wrist shot by Erik Condra.
9:34 of 2nd period - Deflect By Jonathan Marchessault.
9:34 of 2nd period - Stopped by Tristan Jarry with a rebound.
9:36 of 2nd period - Wrist shot by John Ramage.
9:36 of 2nd period - Stopped by Tristan Jarry with a rebound.
9:45 of 2nd period - Icing by Trevor Van Riemsdyk.
9:46 of 2nd period - Zach Aston-Reese wins face-off versus Markus Granlund in Carnivores zone.
9:49 of 2nd period - Snap shot by Zach Aston-Reese.
9:49 of 2nd period - Deflect By Mark McNeill.
9:49 of 2nd period - Shot Misses the Net.
9:49 of 2nd period - Puck is out of play.
9:50 of 2nd period - Zach Aston-Reese wins face-off versus Markus Granlund in Carnivores zone.
10:03 of 2nd period - Slapshot by Travis Dermott.
10:03 of 2nd period - Shot Blocked by Mark Mancari.
10:05 of 2nd period - Snap shot by Markus Granlund.
10:05 of 2nd period - Stopped by Darcy Kuemper without a rebound.
10:06 of 2nd period - Jonathan Marchessault wins face-off versus Scott Laughton in Sewer Rats zone.
10:06 of 2nd period - Jonathan Marchessault is hit by Mattias Backman.
10:09 of 2nd period - Minor Penalty to Erik Condra for Cross-checking.
10:10 of 2nd period - Vincent Trocheck wins face-off versus Scott Laughton in Sewer Rats zone.
10:14 of 2nd period - Slapshot by Stefan Elliott.
10:14 of 2nd period - Shot Blocked by Mattias Backman.
10:22 of 2nd period - Slapshot by Scott Laughton.
10:22 of 2nd period - Shot Blocked by Mark Mancari.
10:24 of 2nd period - Slapshot by Mat Clark.
10:24 of 2nd period - Shot Blocked by Stefan Elliott.
10:26 of 2nd period - Slapshot by Mat Clark.
10:26 of 2nd period - Shot Blocked by Vincent Trocheck.
10:40 of 2nd period - Wrist shot by Anton Gustafsson.
10:40 of 2nd period - Shot Blocked by Jarred Tinordi.
10:42 of 2nd period - Slapshot by Mattias Backman.
10:42 of 2nd period - Shot Misses the Net.
10:44 of 2nd period - Backhand shot by Anton Gustafsson.
10:44 of 2nd period - Shot Misses the Net.
10:46 of 2nd period - Slapshot by Mat Clark.
10:46 of 2nd period - Shot Misses the Net.
12:09 of 2nd period - Penalty to Erik Condra is over, Erik Condra is back on ice.
12:17 of 2nd period - Connor Carrick is hit by Markus Granlund and loses puck.
12:26 of 2nd period - Wrist shot by Markus Granlund.
12:26 of 2nd period - Shot Misses the Net.
12:38 of 2nd period - Anthony Duclair is hit by Brett Connolly and loses puck.
12:55 of 2nd period - Zach Aston-Reese is hit by Blake Geoffrion and loses puck.
15:01 of 2nd period - Icing by Nicolas Kerdiles.
15:02 of 2nd period - Anton Gustafsson wins face-off versus Zach Aston-Reese in Carnivores zone.
15:11 of 2nd period - Slapshot by T.J Brodie.
15:11 of 2nd period - Deflect By Stefan Elliott.
15:11 of 2nd period - Goal by T.J Brodie - Carnivores : 1 - Sewer Rats : 2.
15:12 of 2nd period - Scott Laughton wins face-off versus Vincent Trocheck in neutral zone.
15:19 of 2nd period - Snap shot by Scott Laughton.
15:19 of 2nd period - Stopped by Darcy Kuemper without a rebound.
15:20 of 2nd period - Scott Laughton wins face-off versus Vincent Trocheck in Sewer Rats zone.
15:23 of 2nd period - Snap shot by Joel Armia.
15:23 of 2nd period - Stopped by Darcy Kuemper with a rebound.
15:50 of 2nd period - Snap shot by Nicolas Kerdiles.
15:50 of 2nd period - Shot Misses the Net.
16:02 of 2nd period - Wrist shot by Nicolas Kerdiles.
16:02 of 2nd period - Shot Blocked by Vincent Trocheck.
16:50 of 2nd period - Snap shot by Joel Armia.
16:50 of 2nd period - Shot Blocked by Stefan Elliott.
17:20 of 2nd period - Wrist shot by Nicolas Kerdiles.
17:20 of 2nd period - Stopped by Darcy Kuemper without a rebound.
17:21 of 2nd period - Jared McCann wins face-off versus Blake Geoffrion in Sewer Rats zone.
17:21 of 2nd period - Jared McCann is hit by Markus Granlund.
17:34 of 2nd period - Icing by Jonathan Marchessault.
17:35 of 2nd period - Anton Gustafsson wins face-off versus Jonathan Marchessault in Sewer Rats zone.
18:02 of 2nd period - Joel Edmundson is hit by Nicolas Deslauriers and loses puck.
18:15 of 2nd period - Snap shot by Nicolas Deslauriers.
18:15 of 2nd period - Stopped by Darcy Kuemper with a rebound.
18:42 of 2nd period - Snap shot by Joel Edmundson.
18:42 of 2nd period - Deflect By T.J Brodie.
18:42 of 2nd period - Stopped by Tristan Jarry without a rebound.
18:43 of 2nd period - Drake Caggiula wins face-off versus Markus Granlund in Carnivores zone.
18:44 of 2nd period - Snap shot by Dmitrij Jaskin.
18:44 of 2nd period - Shot Misses the Net.
19:04 of 2nd period - Minor Penalty to Trevor Van Riemsdyk for Hooking.
19:05 of 2nd period - Anton Gustafsson wins face-off versus Vincent Trocheck in Carnivores zone.
19:49 of 2nd period - Joel Edmundson is hit by Mat Clark and loses puck.
Goals for this period are 1 for Carnivores vs 1 for Sewer Rats.
Shots for this period are 8 for Carnivores vs 8 for Sewer Rats.

3rd period


0:01 of 3rd period - Vincent Trocheck wins face-off versus Anton Gustafsson in neutral zone.
1:04 of 3rd period - Penalty to Trevor Van Riemsdyk is over, Trevor Van Riemsdyk is back on ice.
2:00 of 3rd period - Nicolas Deslauriers is hit by Drake Caggiula and loses puck.
2:15 of 3rd period - Wrist shot by Brett Connolly.
2:15 of 3rd period - Shot Misses the Net.
2:17 of 3rd period - Backhand shot by Carl Dahlstrom.
2:17 of 3rd period - Shot Misses the Net.
2:35 of 3rd period - Jonathan Marchessault is hit by Mattias Backman and loses puck.
2:54 of 3rd period - Slapshot by Anton Gustafsson.
2:54 of 3rd period - Shot Blocked by Mark Mancari.
3:18 of 3rd period - Stefan Elliott is hit by Andreas Englund and loses puck.
3:58 of 3rd period - Snap shot by Markus Granlund.
3:58 of 3rd period - Shot Hit the Post.
4:00 of 3rd period - Slapshot by Mat Clark.
4:00 of 3rd period - Stopped by Darcy Kuemper with a rebound.
4:18 of 3rd period - Mark Mancari is hit by Lucas Wallmark and loses puck.
4:39 of 3rd period - Joel Edmundson is hit by Nicolas Deslauriers and loses puck.
4:54 of 3rd period - Stefan Elliott is hit by Mat Clark and loses puck.
5:37 of 3rd period - Snap shot by Hunter Shinkaruk.
5:37 of 3rd period - Shot Misses the Net.
5:39 of 3rd period - Wrist shot by Hunter Shinkaruk.
5:39 of 3rd period - Shot Misses the Net.
5:51 of 3rd period - Chris Lawrence is hit by Anthony Duclair and loses puck.
6:40 of 3rd period - Snap shot by Brett Connolly.
6:40 of 3rd period - Stopped by Darcy Kuemper without a rebound.
6:41 of 3rd period - Lucas Wallmark wins face-off versus Jonathan Marchessault in Sewer Rats zone.
7:25 of 3rd period - Snap shot by Chris Lawrence.
7:25 of 3rd period - Stopped by Darcy Kuemper without a rebound.
7:26 of 3rd period - Jonathan Marchessault wins face-off versus Nicolas Kerdiles in Sewer Rats zone.
7:39 of 3rd period - Scott Laughton is hit by Stefan Elliott and loses puck.
7:59 of 3rd period - Off-side.
8:00 of 3rd period - Vincent Trocheck wins face-off versus Nicolas Deslauriers in neutral zone.
8:05 of 3rd period - Snap shot by Daniel Carr.
8:05 of 3rd period - Shot Blocked by Chris Lawrence.
8:30 of 3rd period - Minor Penalty to Scott Laughton for Holding.
8:31 of 3rd period - Vincent Trocheck wins face-off versus Anton Gustafsson in Carnivores zone.
8:35 of 3rd period - Snap shot by Mark Mancari.
8:35 of 3rd period - Stopped by Tristan Jarry without a rebound.
8:36 of 3rd period - Vincent Trocheck wins face-off versus Anton Gustafsson in Carnivores zone.
8:41 of 3rd period - Slapshot by Vincent Trocheck.
8:41 of 3rd period - Shot Misses the Net.
9:09 of 3rd period - Wrist shot by Erik Condra.
9:09 of 3rd period - Stopped by Tristan Jarry with a rebound.
9:33 of 3rd period - Snap shot by Markus Granlund.
9:33 of 3rd period - Shot Misses the Net.
10:24 of 3rd period - Andreas Englund is hit by Jonathan Marchessault and loses puck.
10:30 of 3rd period - Penalty to Scott Laughton is over, Scott Laughton is back on ice.
11:24 of 3rd period - Jonathan Marchessault is hit by Chris Lawrence and loses puck.
12:16 of 3rd period - Scott Laughton is hit by Jared McCann and loses puck.
12:35 of 3rd period - John Ramage is hit by Mat Clark and loses puck.
12:40 of 3rd period - Snap shot by Hunter Shinkaruk.
12:40 of 3rd period - Stopped by Darcy Kuemper with a rebound.
12:54 of 3rd period - Snap shot by Anton Gustafsson.
12:54 of 3rd period - Shot Blocked by Mark Mancari.
12:56 of 3rd period - Wrist shot by Nicolas Deslauriers.
12:56 of 3rd period - Shot Blocked by Joel Edmundson.
13:16 of 3rd period - Icing by Stefan Elliott.
13:17 of 3rd period - Scott Laughton wins face-off versus Vincent Trocheck in Sewer Rats zone.
13:31 of 3rd period - Wrist shot by Nicolas Kerdiles.
13:31 of 3rd period - Stopped by Darcy Kuemper with a rebound.
14:11 of 3rd period - Snap shot by Nicolas Deslauriers.
14:11 of 3rd period - Shot Misses the Net.
14:38 of 3rd period - Mattias Backman is hit by Erik Condra and loses puck.
14:54 of 3rd period - Icing by Mattias Backman.
14:55 of 3rd period - Scott Laughton wins face-off versus Drake Caggiula in Carnivores zone.
15:03 of 3rd period - Snap shot by Mat Clark.
15:03 of 3rd period - Deflect By Nicolas Kerdiles.
15:03 of 3rd period - Shot Misses the Net.
15:03 of 3rd period - Puck is out of play.
15:04 of 3rd period - Vincent Trocheck wins face-off versus Anton Gustafsson in Sewer Rats zone.
15:11 of 3rd period - Snap shot by Chris Lawrence.
15:11 of 3rd period - Stopped by Darcy Kuemper with a rebound.
15:13 of 3rd period - Slapshot by T.J Brodie.
15:13 of 3rd period - Deflect By Daniel Carr.
15:13 of 3rd period - Stopped by Darcy Kuemper with a rebound.
15:29 of 3rd period - Daniel Carr is hit by Blake Geoffrion.
15:39 of 3rd period - Snap shot by Mark Mancari.
15:39 of 3rd period - Shot Misses the Net.
16:00 of 3rd period - Slapshot by Travis Dermott.
16:00 of 3rd period - Shot Misses the Net.
16:02 of 3rd period - Slapshot by T.J Brodie.
16:02 of 3rd period - Stopped by Darcy Kuemper without a rebound.
16:03 of 3rd period - Drake Caggiula wins face-off versus Anton Gustafsson in Sewer Rats zone.
16:03 of 3rd period - Drake Caggiula is hit by Anton Gustafsson.
16:15 of 3rd period - Backhand shot by Drake Caggiula.
16:15 of 3rd period - Goal by Drake Caggiula - Carnivores : 1 - Sewer Rats : 3.
16:16 of 3rd period - Anton Gustafsson wins face-off versus Drake Caggiula in neutral zone.
16:19 of 3rd period - Wrist shot by Nicolas Deslauriers.
16:19 of 3rd period - Stopped by Darcy Kuemper with a rebound.
16:21 of 3rd period - Snap shot by Nicolas Deslauriers.
16:21 of 3rd period - Shot Misses the Net.
16:23 of 3rd period - Wrist shot by Nicolas Deslauriers.
16:23 of 3rd period - Stopped by Darcy Kuemper with a rebound.
16:25 of 3rd period - Slapshot by Mattias Backman.
16:25 of 3rd period - Stopped by Darcy Kuemper without a rebound.
16:26 of 3rd period - Dmitrij Jaskin wins face-off versus Anton Gustafsson in Sewer Rats zone.
16:40 of 3rd period - Minor Penalty to Mattias Backman for Hooking.
16:41 of 3rd period - Anton Gustafsson wins face-off versus Mark Mancari in Carnivores zone.
16:53 of 3rd period - Wrist shot by Mark Mancari.
16:53 of 3rd period - Stopped by Tristan Jarry with a rebound.
17:59 of 3rd period - Snap shot by Nicolas Deslauriers.
17:59 of 3rd period - Stopped by Darcy Kuemper with a rebound.
18:40 of 3rd period - Penalty to Mattias Backman is over, Mattias Backman is back on ice.
18:57 of 3rd period - Snap shot by Drake Caggiula.
18:57 of 3rd period - Stopped by Tristan Jarry with a rebound.
19:51 of 3rd period - Slapshot by Thomas Chabot.
19:51 of 3rd period - Stopped by Tristan Jarry without a rebound.
19:52 of 3rd period - Drake Caggiula wins face-off versus Scott Laughton in Carnivores zone.
19:59 of 3rd period - Snap shot by Connor Carrick.
19:59 of 3rd period - Deflect By Drake Caggiula.
19:59 of 3rd period - Stopped by Tristan Jarry with a rebound.
Goals for this period are 0 for Carnivores vs 1 for Sewer Rats.
Shots for this period are 12 for Carnivores vs 7 for Sewer Rats.